 Dungeon Crawl Stone Soup version 0.32-a0-886-g41c5271027 (webtiles) character file.

Game seed: 17527410710389498237

4295 DEFE the Cleaver (level 10, -3/70 HPs)
             Began as a Coglin Fighter on Apr 2, 2024.
             Was an Elder of Cheibriados.
             Killed from afar by an orc wizard (4 damage)
             ... with a puff of flame
             ... on level 8 of the Dungeon.
             The game lasted 00:05:17 (5489 turns).

DEFE the Cleaver (Coglin Fighter)                   Turns: 5489, Time: 00:05:18

Health: -3/70      AC: 10    Str: 30    XL:     10   Next: 32%
Magic:  15/15      EV: 11    Int: 19    God:    Cheibriados [****..]
Gold:   210        SH:  0    Dex: 23    Spells: 9/9 levels left

rFire   . . .        v - +3 war axe (flame) {Yashnoor}
rCold   . . .        q - +5 whip (freeze) {Ishpreet}
rNeg    . . .        b - +0 scale mail
rPois   .            J - +0 helmet
rElec   .            (no cloak)
rCorr   .            B - +0 pair of gloves
SInv    .            h - +0 pair of boots
Will    .....        (amulet unavailable)
Stlth   +            (ring unavailable)
HPRegen 0.31/turn    (ring unavailable)
MPRegen 0.14/turn    (no gizmo)

%: no passive effects
@: lethally poisoned (-3 -> -27), slowed, studying Axes, revved, very slow
A: off-hand wielding, slow wielding, warmup strikes, no jewellery
a: Invent Gizmo, Renounce Religion, Bend Time, Temporal Distortion, Slouch


You were on level 8 of the Dungeon.
You worshipped Cheibriados.
Cheibriados was greatly pleased with you.
You visited 1 branch of the dungeon, and saw 8 of its levels.
You also visited: Ossuary.

You collected 261 gold pieces.
You spent 51 gold pieces at shops.

Inventory:

Hand Weapons
 a - a +0 war axe {Appius}
 q - a +5 whip of freezing (offhand) {Ishpreet}
 t - a +2 long sword of flaming
 v - a +3 war axe of flaming (weapon) {Yashnoor}
 C - a +0 hand axe of electrocution
Missiles
 x - 6 curare-tipped darts (quivered)
Armour
 b - a +0 scale mail (worn)
 c - a +0 buckler
 h - a +0 pair of boots (worn)
 s - a +1 leather armour of cold resistance
 B - a +0 pair of gloves (worn)
 J - a +0 helmet (worn)
Wands
 e - a wand of polymorph (11)
 y - a wand of mindburst (17)
 H - a wand of paralysis (11)
Scrolls
 g - 4 scrolls of blinking
 i - 2 scrolls of immolation
 j - 3 scrolls of vulnerability
 l - 2 scrolls of poison
 m - 2 scrolls of silence
 p - a scroll of enchant armour
 r - 4 scrolls of noise
 u - 5 scrolls of revelation
 F - 4 scrolls of teleportation
 G - 2 scrolls of fear
Potions
 d - 2 potions of might
 f - 2 potions of ambrosia
 k - a potion of haste {unknown}
 n - a potion of attraction {unknown}
 o - a potion of heal wounds {unknown}
 w - 2 potions of magic
 z - 3 potions of brilliance {unknown}
 A - a potion of cancellation {unknown}
 D - a potion of degeneration {unknown}
 E - 2 potions of lignification {unknown}
 I - 2 potions of curing {unknown}


   Skills:
 - Level 3.4 Fighting
 + Level 13.6 Axes
 + Level 4.2 Armour
 + Level 3.1 Dodging
 - Level 2.1 Shields
 + Level 7.7 Invocations


You had 9 spell levels left.
You didn't know any spells.
Your spell library contained the following spells:

 Spells                   Type           Power      Damage    Failure   Level
 Freeze                   Ice            0%         1d3       38%         1
 Ensorcelled Hibernation  Hex/Ice        0%         N/A       52%         2
 Frozen Ramparts          Ice            0%         1d1       77%         3
 Hailstorm                Conj/Ice       0%         3d5       77%         3
 Passwall                 Erth           0%         N/A       77%         3
 Summon Ice Beast         Ice/Summ       0%         N/A       77%         3
 Swiftness                Air            0%         N/A       77%         3
 Permafrost Eruption      Ice/Erth       0%         2x4d1     100%        6
 Sculpt Simulacrum        Ice/Alch       0%         N/A       100%        6


Dungeon Overview and Level Annotations

Branches:
Dungeon (8/15)             Temple (0/1) D:4         Ossuary (visited)
   Lair: D:8-11

Altars:
Cheibriados
Dithmenos
Elyvilon
Nemelex Xobeh
Qazlal
Sif Muna
Trog
Zin

Shops:
D:4 *   D:5 =   D:7 [


Innate Abilities, Weirdness & Mutations

You can wield a second weapon in your off-hand.
It takes a long time for you to wield or remove held weapons.
Your first few attacks do less damage.
You cannot equip rings or amulets.


Message History

Gastronok is severely wounded.
You slash Gastronok with your +3 war axe of flaming!
You burn Gastronok.
You barely miss the orc with your +3 war axe of flaming.
A kobold brigand comes into view.
It is wielding a +0 short sword and quivering curare-tipped darts.
The orc closely misses you.
Gastronok gurgles, "A snack!
A snack!"
Gastronok bites you.
You slash Gastronok with your +3 war axe of flaming!
You burn Gastronok.
Gastronok is almost dead.
You slash the orc with your +3 war axe of flaming!
You burn the orc.
You kill the orc!
Cheibriados appreciates the change of pace.
You whack Gastronok with your +5 whip of freezing!
You freeze Gastronok.
You kill Gastronok!
The kobold brigand throws a curare-tipped dart.
The curare-tipped dart hits you.
You are poisoned.
You have difficulty breathing.
* * * LOW HITPOINT WARNING * * *
You feel as though you will be slow longer.
Your Armour skill increases to level 4!
Your Dodging skill gained 2 levels and is now at level 3!
You have reached level 10!
It was a potion of magic.
Magic courses through your body.
* * * LOW HITPOINT WARNING * * *
You feel very sick.
The kobold brigand throws a curare-tipped dart.
The curare-tipped dart hits you.
You are more poisoned.
You have difficulty breathing.
* * * LOW HITPOINT WARNING * * *
You feel as though you will be slow longer.
A puff of flame appears from out of thin air!
The puff of flame hits you.
You die...
Cheibriados appreciates the motionlessness of death.

K.......###
#.........#
#####......?..#
..............#
>.............#
.............#
#######....[.|..#
.........†@)....#
.............{.>#
#####..........#
#.########... #<#
.o ### .


You could see a kobold brigand and an orc (wandering).

Vanquished Creatures
  Gastronok (D:8)
  Pikel (D:5)
  A steam dragon (D:7)
  Menkaure (D:5)
  An acid dragon (D:8)
  An orc warrior (D:7)
  An ice beast (D:6)
  2 ogres (D:5)
  A centaur (D:6)
  2 phantoms (D:4)
  2 elf zombies (Ossuary)
  3 lemures (D:5)
  A weeping skull (Ossuary)
  Blork the orc (D:5)
  4 bullfrogs
  2 scorpions (D:4)
  4 wights (D:6)
  2 burial acolytes (Ossuary)
  6 bombardier beetles
  A human zombie (Ossuary)
  A gnoll bouda (D:7)
  2 hounds (D:6)
  3 jellies
  2 orc priests
  A sleepcap (D:7)
  Jessica (D:2)
  2 iguanas
  2 orc wizards
  2 hound zombies (Ossuary)
  2 mummies (Ossuary)
  4 gnolls (D:7)
  7 adders
  A shadow imp (D:7)
  A white imp (D:5)
  2 ufetubi (D:6)
  3 dart slugs
  20 orcs
  4 bats
  3 endoplasms
  4 giant cockroaches
  6 gnoll zombies (Ossuary)
  14 goblins
  7 hobgoblins
  2 jackals (D:1)
  3 quokkas
  3 ball pythons
  A frilled lizard (D:1)
  3 kobolds (D:1)
  2 orc zombies (Ossuary)
  2 rats
148 creatures vanquished.

Notes
Turn   | Place    | Note
-------+----------+-------------------------------------------
     0 | D:1      | DEFE the Coglin Fighter began the quest for the Orb.
     0 | D:1      | Reached XP level 1. HP: 18/18 MP: 1/1
   161 | D:1      | Reached XP level 2. HP: 24/24 MP: 2/2
   267 | D:1      | Reached skill level 3 in Axes
   424 | D:1      | Reached XP level 3. HP: 25/29 MP: 3/3
   477 | D:1      | Found a faded altar of an unknown god.
   616 | D:1      | Prayed at the altar of an unknown god.
   616 | D:1      | Became a worshipper of Cheibriados the Contemplative
   616 | D:1      | Reached * piety under Cheibriados
   794 | D:2      | Noticed Jessica
   801 | D:2      | Killed Jessica
   802 | D:2      | Reached skill level 4 in Axes
   802 | D:2      | Reached XP level 4. HP: 35/35 MP: 4/4
  1718 | D:3      | Reached ** piety under Cheibriados
  1724 | D:3      | Reached skill level 1 in Invocations
  1724 | D:3      | Reached XP level 5. HP: 33/41 MP: 5/5
  1768 | D:3      | You fall into a shaft and drop 1 floor!
  1776 | D:4      | Found a staircase to the Ecumenical Temple.
  1818 | D:4      | Reached skill level 5 in Axes
  1857 | D:4      | Noticed a phantom
  1862 | D:4      | Killed a phantom
  1863 | D:4      | Reached XP level 6. HP: 43/47 MP: 7/7
  1881 | D:4      | Found a glowing silver altar of Zin.
  1968 | D:4      | Found a bloodstained altar of Trog.
  1973 | D:4      | Found a stormy altar of Qazlal.
  2015 | D:4      | Found a shadowy altar of Dithmenos.
  2036 | D:4      | Reached skill level 6 in Axes
  2080 | D:4      | Found Jossar's Assorted Antiques.
  2085 | D:4      | Bought a scroll labelled DOIF TUOSK for 27 gold pieces
  2085 | D:4      | Bought a puce potion for 24 gold pieces
  2190 | D:4      | Reached XP level 7. HP: 51/52 MP: 9/9
  2261 | D:4      | Reached skill level 7 in Axes
  2780 | D:5      | Entered Level 5 of the Dungeon
  2792 | D:5      | Found Gumut's Jewellery Emporium.
  2895 | D:5      | Noticed Menkaure
  2900 | D:5      | Killed Menkaure
  2901 | D:5      | Reached skill level 8 in Axes
  3038 | D:5      | Noticed Blork the orc
  3043 | D:5      | Killed Blork the orc
  3089 | D:5      | Reached XP level 8. HP: 49/58 MP: 11/11
  3156 | D:5      | Reached skill level 9 in Axes
  3175 | D:5      | Noticed Pikel
  3186 | D:5      | Killed Pikel
  3187 | D:5      | Reached skill level 10 in Axes
  3187 | D:5      | Reached skill level 5 in Invocations
  3306 | D:5      | Found a sparkling altar of Nemelex Xobeh.
  3450 | D:5      | Reached *** piety under Cheibriados
  3704 | D:6      | Reached skill level 11 in Axes
  3704 | D:6      | Reached XP level 9. HP: 53/64 MP: 13/13
  3864 | D:6      | Found a sand-covered staircase.
  3876 | Ossuary  | Entered an ossuary
  4240 | Ossuary  | Reached skill level 12 in Axes
  4573 | D:6      | Reached **** piety under Cheibriados
  4709 | D:6      | Identified the amulet "Toijipn" {Rampage +Blink Regen+
                  | Int-5 Dex+2}
  4743 | D:6      | Found a shimmering blue altar of Sif Muna.
  4747 | D:6      | Found a white marble altar of Elyvilon.
  4752 | D:6      | Found a snail-covered altar of Cheibriados.
  4982 | D:7      | Reached skill level 1 in Dodging
  5234 | D:7      | Reached skill level 13 in Axes
  5286 | D:7      | Found Xecvuse's Armour Shoppe.
  5475 | D:8      | Noticed Gastronok
  5488 | D:8      | Killed Gastronok
  5489 | D:8      | Reached XP level 10. HP: 15/70 MP: 15/15
  5489 | D:8      | HP: 1/70 [asphyx]
  5489 | D:8      | Killed from afar by an orc wizard

Illustrated notes

Levels and vault maps discovered:
D:1:      eino_arrival_tree_alley, layout_basic,
          shapermc_ecumenical_altar_mp_ritualfount, minmay_strange_pillars
D:2:      layout_basic, uniq_jessica
D:3:      layout_basic, gammafunk_ghost_split, glass_columns_b
D:4:      layout_basic, nicolae_dithmenos_through_a_glass_darkly,
          mainiacjoe_overflow_boulevard, minitemple,
          minmay_temple_entry_stoned_glass, serial_shops, kennysheep_little_box,
          serial_bayou_pond_e
D:5:      layout_rooms, nemelex_dance_club_becter, serial_shops,
          nicolae_shop_competitors_out_of_business, minmay_misc_feat_x,
          guppyfry_early_lair_pool, uniq_pikel, uniq_menkaure,
          uniq_blork_the_orc
D:6:      layout_loops_ring, grunt_temple_overflow_diamond,
          lightli_ossuary_entry_decrepit_ruins, minmay_tree_intersection
D:7:      layout_basic, serial_shops, nicolae_shop_crystal
D:8:      layout_basic, mainiacjoe_overflow_tiny_flanked,
          gammafunk_ghost_abyssal_escape, uniq_gastronok, uniq_jeremiah

Skill      XL: |  1  2  3  4  5  6  7  8  9 |
---------------+----------------------------+-----
Axes           | 3 4 5 6 8 11 13 | 13.6
Invocations    | 1 2 3 4 5 7 |  7.7
Armour         | 4 |  4.2
Dodging        | 3 |  3.1
Fighting       | |  3.4
Shields        | |  2.1

Action                     |  1- 3 |  4- 6 |  7- 9 | 10-12 || total
---------------------------+-------+-------+-------+-------++-------
  Melee: War axe           |    66 |    51 |   141 |       ||   258
         Whip              |       |    47 |   128 |       ||   175
    Use: Scroll            |       |     5 |     6 |       ||    11
         Potion            |       |       |       |     1 ||     1
 Armour: Scale mail        |    52 |    55 |   111 |     1 ||   219
  Dodge: Dodged            |    33 |    24 |    51 |       ||   108
  Block: Buckler           |    12 |     1 |       |       ||    13

Table legend: (Time is in decaauts)
 A = Elapsed time spent in this place.
 B = Non-inter-level travel time spent in this place.
 C = Inter-level travel time spent in this place.
 D = Time resting spent in this place.
 E = Time spent auto-exploring this place.
 F = Levels seen in this place.
 G = Mean time per level.
                   A        B        C        D        E       F      G
               +--------+--------+--------+--------+--------+-----+--------+
         Total |   7326 |   7107 |    219 |    455 |   5571 |   9 |  814.0 |
       Dungeon |   6702 |   6483 |    219 |    369 |   5138 |   8 |  837.8 |
       Ossuary |    623 |    623 |      0 |     86 |    433 |   1 |  623.0 |
               +--------+--------+--------+--------+--------+-----+--------+

Top non-repeatable levels by time:
     D:4: 1350 daAuts
     D:2: 1277 daAuts
     D:6: 1260 daAuts
     D:5: 1153 daAuts
     D:7: 739 daAuts
     D:1: 652 daAuts
 Ossuary: 623 daAuts
     D:3: 248 daAuts
     D:8: 20 daAuts
